 Dungeon Crawl Stone Soup version 0.29-a0-338-g1ff7896281 (webtiles) character file.

Game seed: 1975694754996528893

5737 spaghetti the Reanimator (level 10, 0/85 HPs)
             Began as a Deep Dwarf Necromancer on Apr 17, 2022.
             Was a Believer of Cheibriados.
             Slain by a fire elemental (1 damage)
             ... created by the fiery vengeance of Ignis
             ... on level 9 of the Dungeon.
             The game lasted 00:25:01 (11578 turns).

spaghetti the Reanimator (Deep Dwarf Necromancer)  Turns: 11578, Time: 00:25:02

Health: 0/85       AC: 13    Str: 29    XL:     10   Next: 49%
Magic:  3/17       EV: 12    Int: 16    God:    Cheibriados [**....]
Gold:   257        SH:  0    Dex: 22    Spells: 5/15 levels left

rFire   . . .      SeeInvis .   O - +8 hand axe of the Hammering Seer {vorpal, Str+10 Int-5 Dex+5, axe}
rCold   + . .      Faith    .   (no shield)
rNeg    . . .      Spirit   .   Q - +0 chain mail
rPois   .          Reflect  .   P - +0 helmet
rElec   .          Harm     .   (no cloak)
rCorr   .          Rampage  .   (no gloves)
Will    +....                   A - +1 pair of boots
Stlth   ..........              (no amulet)
HPRegen 0.00/turn               (no ring)
MPRegen 0.15/turn               (no ring)

@: on berserk cooldown, slowed, fire susceptible, very slow
A: damage resistance, heal wounds, sense surroundings 2, no regeneration, cold
resistance 1, wild magic 1, no potion heal 1
a: Heal Wounds, Renounce Religion, Bend Time


You were on level 9 of the Dungeon.
You worshipped Cheibriados.
Cheibriados was pleased with you.
You visited 2 branches of the dungeon, and saw 10 of its levels.

You collected 409 gold pieces.
You spent 152 gold pieces at shops.


Innate Abilities, Weirdness & Mutations

You are resistant to damage.
You can heal yourself by infusing magical energy.
You passively map the area around you.
You do not regenerate.
Your flesh is cold resistant. (rC+)
Your spells are a little harder to cast, but a little more powerful.
Potions are less effective at restoring your health.


   Skills:
 + Level 3.7 Fighting
 + Level 4.5 Armour
 + Level 5.3 Dodging
 - Level 2.4 Stealth
 - Level 3.0 Spellcasting
 - Level 12.0 Necromancy
 * Level 2.2 Translocations
 + Level 11.1 Invocations


You had 5 spell levels left.
You knew the following spells:

 Your Spells              Type           Power      Damage    Failure   Level
a - Pain                  Necr           100%       1d9       1%          1
b - Vampiric Draining     Necr           52%        2d9       3%          3
c - Animate Dead          Necr           26%        N/A       11%         4
d - Blink                 Tloc           24%        N/A       58%         2

Your spell library contained the following spells:

 Spells                   Type           Power      Damage    Failure   Level
 Animate Skeleton         Necr           100%       N/A       1%          1
 Agony                    Necr           52%        N/A       26%         5
 Apportation              Tloc           24%        N/A       45%         1
 Summon Small Mammal      Summ           12%        N/A       75%         1
 Lesser Beckoning         Tloc           12%        N/A       82%         3
 Ensorcelled Hibernation  Hex/Ice        6%         N/A       87%         2
 Passwall                 Tmut/Erth      2%         N/A       87%         2
 Swiftness                Air            3%         N/A       98%         3
 Animate Armour           Summ/Erth      6%         N/A       100%        4
 Blade Hands              Tmut           1%         N/A       100%        5
 Manifold Assault         Tloc           12%        N/A       100%        5
 Iron Shot                Conj/Erth      1%         9d1       100%        6

Inventory:

Hand Weapons
 c - a +0 quarterstaff {staff}
   (You found it on level 1 of the Dungeon)
 u - a +2 halberd of protection {polearm}
   (You took it off a gnoll on level 3 of the Dungeon)
 D - a +1 dagger of distortion {!wshort}
   (You took it off an orc on level 5 of the Dungeon)
 O - the +8 hand axe of the Hammering Seer (weapon) {vorpal, Str+10 Int-5 Dex+5, axe}
   (You bought it in a shop on level 7 of the Dungeon)

   It inflicts extra damage upon your enemies.
   Str:       It affects your strength (+10).
   Int:       It affects your intelligence (-5).
   Dex:       It affects your dexterity (+5).
Missiles
 d - 302 stones (quivered) {throwing}
 n - 5 curare-tipped darts {=fthrowing}
 q - 4 throwing nets {=f!fthrowing}
 v - 26 poisoned darts {throwing}
 F - 3 boomerangs {throwing}
Armour
 A - a +1 pair of boots (worn)
   (You found it on level 5 of the Dungeon)
 P - a +0 helmet (worn)
   (You found it on level 4 of the Dungeon)
 Q - a +0 chain mail (worn)
   (You took it off an orc on level 4 of the Dungeon)
Magical Staves
 e - a staff of earth {!astaff}
   (You took it off a hobgoblin on level 1 of the Dungeon)
 E - a staff of fire {!astaff}
   (You found it on level 5 of the Dungeon)
Jewellery
 f - a ring of poison resistance
   (You found it on level 1 of the Dungeon)
 l - an amulet of faith {!P}
   (You found it on level 1 of the Dungeon)
 r - an amulet of magic regeneration {@e2}
   (You found it on level 2 of the Dungeon)
 t - a +6 ring of dexterity
   (You took it off a gnoll on level 3 of the Dungeon)
 z - an amulet of the acrobat
   (You found it on level 8 of the Dungeon)
 G - a +4 ring of protection
   (You found it on level 6 of the Dungeon)
Wands
 s - a wand of mindburst (19)
   (You found it on level 2 of the Dungeon)
 x - a wand of iceblast (2)
   (You took it off a kobold on level 4 of the Dungeon)
 M - a wand of acid (6)
   (You found it on level 7 of the Dungeon)
Scrolls
 b - 9 scrolls of identify {@r1}
 p - a scroll of fog
 w - a scroll of acquirement {unknown}
 y - a scroll of immolation {unknown}
 B - 2 scrolls of amnesia {unknown}
 C - a scroll of blinking {unknown}
 J - 3 scrolls of magic mapping {unknown}
 L - a scroll of vulnerability {unknown}
 R - a scroll of torment {unknown}
Potions
 a - 3 potions of haste {forbidden@q3}
 g - a potion of might
 h - 4 potions of attraction {!q}
 j - 2 potions of brilliance
 m - a potion of lignification {!q}
 H - 3 potions of curing {@q1}
 I - a potion of haste {@q3}
 N - a potion of invisibility {unknown}

Dungeon Overview and Level Annotations

Branches:
Dungeon (9/15)             Temple (1/1) D:7
   Lair: D:8-11         Orc: D:9-12

Altars:
Ashenzari
Cheibriados
Dithmenos
Elyvilon
Fedhas
Gozag
Hepliaklqana
Kikubaaqudgha
Nemelex Xobeh
Okawaru
Qazlal
Ru
Sif Muna
Trog
Uskayaw
Vehumet
Wu Jian
Xom
Yredelemnul
Zin
The Shining One
Ignis

Shops:
D:7 (   D:8 :

Annotations:
D:3 1 runed translucent door, Crazy Yiuf
D:6 exclusion: 2 electric eels
D:8 2 transporters, spaghetti's ghost, novice DDTm

,,
,.........#*
* , , , ,
.........#
*, , *,
,#........#
* , *, *,
#........# *
, ,
#......°.# *
, *
#........#
,* , , *
#........#
*,, , *
#...>..E.# ,
*
,#.....!@.#
*
,#........#
* ,, * * ,
#........# ,
, , **, *
#........#**
*,, , , ,,
#Y........,
,* ,, * *
###########
** *


You could see a yak (fleeing) and a fire elemental.


Message History

You are no longer berserk.
You are exhausted.
You feel as though you will be slow longer.
The yak barely misses you. The yak closely misses you. The yak gores you!
* * * LOW HITPOINT WARNING * * *
The yak gores you. x2
* * * LOW HITPOINT WARNING * * *
The yak barely misses you. 😱 HP[-28] MP[+1]
You now have 84 max hp (-42).
You slash the yak! You hit the yak. You completely miss the yak.
The yak gores you but does no damage. The yak gores you.
* * * LOW HITPOINT WARNING * * *
The yak gores you.
* * * LOW HITPOINT WARNING * * *
The yak gores you. The yak misses you. The yak barely misses you. 😱 HP[-3]
You take 3 damage, and now have 9/84 hp.
Casting: Vampiric Draining (mildly dangerous; 3% risk of failure)
Confirm with . or Enter, or press ? or * to list all spells.
Aiming: Vampiric Draining (mildly dangerous; 3% risk of failure)
Press: ? - help, Shift-Dir - straight line, f - yak
Aim: a yak (severely wounded)
You draw life force from the yak!
You feel life coursing into your body. The yak barely misses you.
The yak gores you but does no damage. x2 😱 HP[+6] MP[-3]
You regained 6 hp, and now have 15/84 hp.
You lost 3 mp, and now have 13/17 mp.
Casting: Vampiric Draining (mildly dangerous; 3% risk of failure)
Confirm with . or Enter, or press ? or * to list all spells.
Aiming: Vampiric Draining (mildly dangerous; 3% risk of failure)
Press: ? - help, Shift-Dir - straight line, f/p - yak
Aim: a yak (almost dead)
You draw life force from the yak!
You kill the yak!
Cheibriados thoroughly appreciates the change of pace.
You feel life coursing into your body. The yak gores you but does no damage.
The yak closely misses you. The yak gores you!
* * * LOW HITPOINT WARNING * * *
The yak barely misses you.
Your Translocations skill increases to level 2! 😱 HP[-4] MP[-3]
You now have 85 max hp (+1).
You take 4 damage, and now have 11/85 hp.
You lost 3 mp, and now have 10/17 mp.
Casting: Vampiric Draining (mildly dangerous; 3% risk of failure)
Confirm with . or Enter, or press ? or * to list all spells.
Aiming: Vampiric Draining (mildly dangerous; 3% risk of failure)
Press: ? - help, Shift-Dir - straight line, f - yak
Aim: a yak (lightly wounded)
You draw life force from the yak.
You feel life coursing into your body. The yak gores you.
* * * LOW HITPOINT WARNING * * *
The yak misses you. 😱 HP[+1] MP[-2]
You lost 2 mp, and now have 8/17 mp.
Casting: Vampiric Draining (mildly dangerous; 3% risk of failure)
Confirm with . or Enter, or press ? or * to list all spells.
Aiming: Vampiric Draining (mildly dangerous; 3% risk of failure)
Press: ? - help, Shift-Dir - straight line, f/p - yak
Aim: a yak (moderately wounded)
You draw life force from the yak!!
You feel life coursing into your body! The yak misses you. The yak gores you!
* * * LOW HITPOINT WARNING * * *
The yak misses you. The yak gores you!
* * * LOW HITPOINT WARNING * * *
😱 HP[-6] MP[-3]
You take 6 damage, and now have 6/85 hp.
You lost 3 mp, and now have 5/17 mp.
Casting: Vampiric Draining (mildly dangerous; 3% risk of failure)
Confirm with . or Enter, or press ? or * to list all spells.
Aiming: Vampiric Draining (mildly dangerous; 3% risk of failure)
Press: ? - help, Shift-Dir - straight line, f/p - yak
Aim: a yak (severely wounded)
You draw life force from the yak!
You kill the yak!
Cheibriados thoroughly appreciates the change of pace.
You feel life coursing into your body.
The yak gores you but does no damage. 😱 HP[+5] MP[-3]
You regained 5 hp, and now have 11/85 hp.
You lost 3 mp, and now have 2/17 mp.
Casting: Vampiric Draining (mildly dangerous; 3% risk of failure)
Confirm with . or Enter, or press ? or * to list all spells.
You don't have enough magic to cast this spell.
Okay, then.
As you read the scroll of fear, it crumbles to dust.
You assume a fearsome visage.
The fire elemental is unaffected.
The yak looks frightened! 😱 MP[+1]
The fire elemental hits you. The fire elemental burns you!
The fire elemental hits you. The fire elemental burns you!
* * * LOW HITPOINT WARNING * * *
There is a stone staircase leading down here. 😱 HP[-3]
You take 3 damage, and now have 8/85 hp.
The fire elemental hits you. The fire elemental burns you!
* * * LOW HITPOINT WARNING * * *
The fire elemental hits you. The fire elemental burns you!
You die...

Skill      XL: |  1  2  3  4  5  6  7  8  9 10 |
---------------+-------------------------------+-----
Necromancy     | 5 6 8 10 12 | 12.0
Invocations    | 1 5 9 10 11 | 11.1
Spellcasting   | 3 |  3.0
Fighting       | 2 3 |  3.7
Armour         | 3 4 |  4.5
Dodging        | 4 5 |  5.3
Translocations | 2 |  2.2
Stealth        | |  2.4

Action                   |  1- 3 |  4- 6 |  7- 9 | 10-12 || total
-------------------------+-------+-------+-------+-------++-------
Melee: Staff             |    27 |    16 |    64 |       ||   107
       Unarmed           |     5 |       |       |       ||     5
       Punch             |       |       |     4 |     2 ||     6
       Halberd           |       |       |   131 |       ||   131
       Hand axe          |       |       |    43 |    60 ||   103
Throw: Stone             |       |    15 |    62 |    32 ||   109
 Cast: Pain              |    43 |    11 |    35 |     2 ||    91
       Vampiric Draining |       |    27 |    98 |    35 ||   160
Invok: Foxfire Swarm     |     2 |     3 |     3 |       ||     8
       Bend Time         |       |       |       |     3 ||     3
 Abil: Heal Wounds       |     1 |       |       |     4 ||     5
Evoke: Wand              |       |       |     6 |       ||     6
  Use: Potion            |     7 |       |     1 |     4 ||    12
       Scroll            |       |       |       |     7 ||     7
 Stab: Sleeping          |       |       |     1 |       ||     1
Armor: Robe              |     9 |     2 |       |       ||    11
       Ring mail         |       |     2 |   128 |       ||   130
       Chain mail        |       |       |    15 |   107 ||   122
Dodge: Dodged            |    29 |    28 |   215 |   110 ||   382

Levels and vault maps discovered:
D:1:      denvon_arrival_planthouse, layout_basic,
          dreamdust_ecumenical_altar_drowned_temple, minmay_hedge_maze,
          serial_park_tiny_2, minmay_misc_feat_tower,
          chequers_serial_rivers_large_b, minmay_close_crescents
D:2:      layout_rooms, basic_altar, uniq_natasha
D:3:      layout_basic, minmay_misc_feat_roman, nicolae_elevator_lobby_asterisk,
          uniq_grinder, uniq_crazy_yiuf_cottage
D:4:      layout_loops_cross, nicolae_overflow_crystal_walls
D:5:      layout_loops_corners, uniq_sigmund
D:6:      minmay_spotlight, layout_loops_ring, nicolae_overflow_squiral,
          uniq_edmund, uniq_pikel, uniq_eustachio, uniq_duvessa
D:7:      layout_basic, led_sif_pool, minmay_temple_entry_waves, serial_shops,
          nicolae_shop_trees, chequers_serial_rivers_micro_d
D:8:      layout_loops_corners, mainiacjoe_overflow_small_starburst,
          gammafunk_ghost_arena, nicolae_shop_self_help
D:9:      layout_long_grid, ebering_ghost_inner_flame, uniq_psyche
Temple:   eino_temple_rhombus

Notes
Turn   | Place    | Note
-------+----------+-------------------------------------------
     0 | D:1      | spaghetti the Deep Dwarf Necromancer began the quest for
                  | the Orb.
     0 | D:1      | Reached XP level 1. HP: 15/15 MP: 3/3
     0 | D:1      | magus.rc [v1.9.6]
   499 | D:1      | Reached XP level 2. HP: 22/22 MP: 0/4
   549 | D:1      | Found a faded altar of an unknown god.
   559 | D:1      | Prayed at the altar of an unknown god.
   559 | D:1      | Became a worshipper of Ignis, the Dying Flame
   640 | D:1      | Reached skill level 5 in Necromancy
   815 | D:1      | You fall into a shaft and drop 1 floor!
   973 | D:2      | Found a radiant altar of Vehumet.
  1001 | D:2      | Reached XP level 3. HP: 21/28 MP: 0/5
  1005 | D:2      | Learned a level 3 spell: Vampiric Draining
  1095 | D:2      | Noticed Natasha
  1103 | D:2      | Killed Natasha
  1104 | D:2      | Reached skill level 6 in Necromancy
  1346 | D:2      | Noticed Natasha
  1359 | D:2      | Killed Natasha
  1360 | D:2      | Reached XP level 4. HP: 20/36 MP: 1/6
  1570 | D:2      | Noticed Natasha
  1575 | D:2      | Killed Natasha
  2043 | D:3      | Noticed Grinder
  2051 | D:3      | Killed Grinder
  2052 | D:3      | Reached skill level 8 in Necromancy
  2052 | D:3      | Reached skill level 1 in Invocations
  2052 | D:3      | Reached XP level 5. HP: 29/42 MP: 7/7
  2052 | D:3      | Reached XP level 6. HP: 34/49 MP: 8/8
  2128 | D:3      | Reached skill level 2 in Invocations
  2149 | D:3      | Reached skill level 3 in Invocations
  2491 | D:3      | Found a runed translucent door.
  2492 | D:3      | Noticed Crazy Yiuf
  3186 | D:4      | Reached skill level 4 in Invocations
  3247 | D:4      | Found an ornate altar of the Wu Jian Council.
  3709 | D:4      | Reached skill level 5 in Invocations
  3801 | D:4      | You pick up a book of Burglary and begin reading...
  3801 | D:4      | You add the spells Passwall, Ensorcelled Hibernation and
                  | Swiftness to your library.
  3858 | D:4      | Reached XP level 7. HP: 46/55 MP: 0/11
  3999 | D:4      | You pick up a book of Cantrips and begin reading...
  3999 | D:4      | You add the spells Summon Small Mammal and Apportation to
                  | your library.
  4304 | D:5      | Entered Level 5 of the Dungeon
  4320 | D:5      | Reached skill level 6 in Invocations
  4459 | D:5      | Reached skill level 7 in Invocations
  4813 | D:5      | Reached skill level 8 in Invocations
  5604 | D:5      | Reached skill level 9 in Invocations
  5604 | D:5      | Reached XP level 8. HP: 37/62 MP: 4/14
  5676 | D:5      | Noticed Sigmund
  5938 | D:5      | Killed Sigmund
  5939 | D:5      | Reached skill level 10 in Invocations
  6325 | D:6      | Reached skill level 9 in Necromancy
  6542 | D:6      | Noticed Eustachio
  6558 | D:6      | Killed Eustachio
  6635 | D:6      | Found a hide-covered altar of Uskayaw.
  6635 | D:6      | Noticed Edmund
  6662 | D:6      | Killed Edmund
  6663 | D:6      | Reached skill level 10 in Necromancy
  6838 | D:6      | Gained mutation: Your spells are a little harder to cast,
                  | but a little more powerful. [potion of mutation]
  6838 | D:6      | Gained mutation: Potions are less effective at restoring
                  | your health. [potion of mutation]
  6838 | D:6      | Gained mutation: Your flesh is cold resistant. (rC+)
                  | [potion of mutation]
  7000 | D:6      | Noticed Duvessa
  7000 | D:6      | Noticed Dowan
  7006 | D:5      | Gained mutation: You passively map the area around you.
                  | [Deep Dwarf growth]
  7006 | D:5      | Reached XP level 9. HP: 34/68 MP: 6/16
  7226 | D:6      | Noticed Pikel
  7232 | D:6      | Killed Pikel
  7233 | D:6      | Reached skill level 11 in Necromancy
  7491 | D:6      | Reached skill level 12 in Necromancy
  7504 | D:6      | Killed Dowan
  7505 | D:6      | Reached skill level 2 in Spellcasting
  7505 | D:6      | Killed Duvessa
  7506 | D:6      | Reached skill level 1 in Fighting
  7506 | D:6      | Reached skill level 1 in Armour
  7704 | D:6      | Found a shadowy altar of Dithmenos.
  7912 | D:6      | Learned a level 4 spell: Animate Dead
  7955 | D:7      | Reached skill level 3 in Dodging
  8412 | D:7      | Found Arim's Antique Weapon Shoppe.
  8420 | D:7      | Bought a steaming hand axe for 152 gold pieces
  8420 | D:7      | Identified the +8 hand axe of the Hammering Seer {vorpal,
                  | Str+10 Int-5 Dex+5} (You bought it in a shop on level 7 of
                  | the Dungeon)
  8426 | D:7      | Reached skill level 2 in Armour
  8540 | D:7      | Found a staircase to the Ecumenical Temple.
  8727 | D:7      | Reached skill level 2 in Fighting
  8772 | Temple   | Entered the Ecumenical Temple
  8993 | Temple   | Fell from the grace of Ignis
  8993 | Temple   | Became a worshipper of Cheibriados the Contemplative
  9327 | D:7      | Found a shimmering blue altar of Sif Muna.
  9719 | D:8      | Reached skill level 3 in Spellcasting
  9729 | D:8      | Reached skill level 3 in Armour
  9729 | D:8      | Reached skill level 4 in Dodging
  9820 | D:8      | Found an ancient bone altar of Kikubaaqudgha.
  9993 | D:8      | Noticed spaghetti's ghost (novice DDTm)
 10018 | D:8      | Found a transporter.
 10041 | D:8      | Found a transporter.
 10042 | D:8      | Reached * piety under Cheibriados
 10115 | D:8      | Reached XP level 10. HP: 81/81 MP: 10/17
 10134 | D:8      | Reached skill level 3 in Fighting
 10252 | D:8      | You pick up a book of Iron and begin reading...
 10252 | D:8      | You add the spells Animate Armour, Blade Hands and Iron
                  | Shot to your library.
 10430 | D:8      | Found Onymerue's Self-Improvement Boutique.
 10624 | D:8      | Reached skill level 4 in Armour
 11047 | D:9      | Reached ** piety under Cheibriados
 11103 | D:9      | HP: 21/84 [fire elemental[the fiery vengeance of Ignis]
                  | (3)]
 11109 | D:9      | HP: 18/84 [fire elemental[the fiery vengeance of Ignis]
                  | (6)]
 11231 | D:9      | You pick up a book of Spatial Translocations and begin
                  | reading...
 11231 | D:9      | You add the spells Blink, Lesser Beckoning and Manifold
                  | Assault to your library.
 11263 | D:9      | Learned a level 2 spell: Blink
 11385 | D:9      | Reached skill level 5 in Dodging
 11403 | D:9      | Reached skill level 1 in Translocations
 11403 | D:9      | Reached skill level 11 in Invocations
 11568 | D:9      | HP: 16/84 [yak (11)]
 11572 | D:9      | Reached skill level 2 in Translocations
 11573 | D:9      | HP: 12/85 [yak (9)]
 11578 | D:9      | HP: 1/85 [fire elemental[the fiery vengeance of Ignis] (7)]
 11578 | D:9      | Slain by a fire elemental

Vanquished Creatures
  Pikel (D:6)
  Grinder (D:3)
  Sigmund (D:5)
  A wyvern (D:9)
  Eustachio (D:6)
  8 yaks
  A fire elemental (D:9)
  2 steam dragons (D:8)
  Edmund (D:6)
  Duvessa (D:6)
  A black bear (D:5)
  An orc warrior (D:8)
  2 ice beasts (D:6)
  A sky beast (D:6)
  A centaur (D:8)
  2 lemures (D:6)
  A phantom (D:4)
  2 kobold brigands
  4 bullfrogs
  3 scorpions
  A gnoll sergeant (D:7)
  2 necrophages
  Dowan (D:6)
  5 killer bees (D:8)
  An electric eel (D:6)
  7 howler monkeys
  3 hounds
  3 gnoll shamans
  A jelly (D:6)
  3 orc priests
  8 iguanas
  Natasha (thrice) (D:2)
  3 orc wizards
  27 gnolls
  5 adders
  2 shadow imps
  4 dart slugs
  27 orcs
  A bat (D:1)
  3 endoplasms
  5 goblins
  8 hobgoblins
  2 jackals (D:2)
  4 quokkas
  3 ball pythons (D:2)
  A frilled lizard (D:1)
  16 kobolds
  A rat (D:1)
  A spectral kobold (D:1)
187 creatures vanquished.

Vanquished Creatures (others)
  122 foxfires
122 creatures vanquished.

Grand Total: 309 creatures vanquished

Table legend:
 A = Non-vault XP
 B = Vault XP
 C = Vault XP percentage of total XP
 D = Non-vault monster count
 E = Vault monster count
 F = Vault count percentage of total count
                 A         B        C        D         E       F
            +---------+---------+-------+---------+---------+-------
      Total |    6002 |    2195 |  26.8 |     167 |      17 |   9.2
            +---------+---------+-------+---------+---------+-------
        D:1 |      10 |       6 |  37.5 |       7 |       4 |  36.4
        D:2 |     108 |      35 |  24.5 |      16 |       1 |   5.9
        D:3 |     119 |     262 |  68.8 |      15 |       1 |   6.2
        D:4 |     321 |       0 |   0.0 |      20 |       0 |   0.0
        D:5 |     953 |     223 |  19.0 |      35 |       1 |   2.8
        D:6 |     658 |    1669 |  71.7 |      18 |      10 |  35.7
        D:7 |     458 |       0 |   0.0 |      16 |       0 |   0.0
        D:8 |    1955 |       0 |   0.0 |      28 |       0 |   0.0
        D:9 |    1420 |       0 |   0.0 |      12 |       0 |   0.0
            +---------+---------+-------+---------+---------+-------

Illustrated notes

Table legend:
 A = Kills in this place as a percentage of kills in entire the game.
 B = Kills by you in this place as a percentage of kills by you in the entire game.
 C = Kills by friends in this place as a percentage of kills by friends in the entire game.
 D = Other kills in this place as a percentage of other kills in the entire game.
 E = Experience gained in this place as a percentage of experience gained in the entire game.
 F = Experience gained in this place divided by the number of levels of this place that you have seen.
                   A       B       C       D       E      F
               +-------+-------+-------+-------+-------+----------------------
         Total | 100.0 | 100.0 |   N/A |   N/A | 100.0 | 819.7
       Dungeon | 100.0 | 100.0 |   N/A |   N/A | 100.0 | 910.8
               +-------+-------+-------+-------+-------+----------------------

Table legend: (Time is in decaauts)
 A = Elapsed time spent in this place.
 B = Non-inter-level travel time spent in this place.
 C = Inter-level travel time spent in this place.
 D = Time resting spent in this place.
 E = Time spent auto-exploring this place.
 F = Levels seen in this place.
 G = Mean time per level.
                   A        B        C        D        E       F      G
               +--------+--------+--------+--------+--------+-----+--------+
         Total |  12290 |  11449 |    841 |    525 |   9218 |  10 | 1229.0 |
       Dungeon |  12048 |  11236 |    812 |    525 |   9018 |   9 | 1338.7 |
        Temple |    241 |    213 |     28 |      0 |    200 |   1 |  241.0 |
               +--------+--------+--------+--------+--------+-----+--------+

Top non-repeatable levels by time:
     D:5: 2261 daAuts
     D:8: 1605 daAuts
     D:4: 1551 daAuts
     D:6: 1514 daAuts
     D:7: 1392 daAuts
     D:3: 1346 daAuts
     D:1: 874 daAuts
     D:2: 784 daAuts
     D:9: 718 daAuts
  Temple: 241 daAuts
